Cogmind - Beta 13 X1 @@@ ROGUE MODE // 2023.09.25 @ 20:37:04 Player: f3-rnm Result: Smashed by cave-in Performance ------------- Evolutions (0) 0 Regions Visited (2) 400 Robots Destroyed (30) 150 Value Destroyed (815) 815 Prototype IDs (0) 0 Alien Tech Used (0) 0 Bonus (0) 0 TOTAL SCORE: 1365 Bonus ------- None Cogmind --------- Core Integrity 0/250 Matter 202/300 Energy 100/100 System Corruption 3% Temperature Cool (0) Movement Walking (210) Ox1 Location -10/Subcaves Parts ------- > --- POWER (1) -------- (None) > --- PROPULSION (2) --- Makeshift Leg > --- UTILITY (2) ------ Scrap Shield > --- WEAPON (2) ------- Assault Rifle Grenade Launcher > --- INVENTORY (5) ---- Light Ion Engine Heat Sink Small Storage Unit Assault Rifle Subdweller Machine Gun Peak State ------------ > --- POWER ------------ Makeshift Power Source > --- PROPULSION ------- Light Treads Makeshift Leg > --- UTILITY ---------- Scrap Shield > --- WEAPON ----------- Assault Rifle Grenade Launcher > --- INVENTORY -------- Light Ion Engine Heat Sink Small Storage Unit Assault Rifle Subdweller Machine Gun [Rating: 15] Favorites ----------- Power Light Ion Engine Engine Light Ion Engine Propulsion Light Treads Treads Light Treads Leg Makeshift Leg Utility Scrap Shield Device Tractor Beam Storage High-capacity Storage Unit Protection Scrap Shield Weapon Assault Rifle Ballistic Gun Assault Rifle Launcher Grenade Launcher Build | -11 -10 -10 ------- Run | Jun Mat Sub Slots Evolved . | . . . Power . | . . . Propulsion . | . . . Utility . | . . . Weapon . | . . . Parts Attached 25 | 6 6 13 Power 2 | 1 . 1 Engine 2 | 1 . 1 Core . | . . . Reactor . | . . . Propulsion 5 | 2 1 2 Treads 4 | 2 1 1 Leg 1 | . . 1 Wheel . | . . . Hover . | . . . Flight . | . . . Utility 8 | 1 4 3 Device 1 | . 1 . Storage 3 | 1 2 . Processor . | . . . Hackware . | . . . Protection 4 | . 1 3 Artifact . | . . . Weapon 10 | 2 1 7 Energy Gun . | . . . Energy Cannon . | . . . Ballistic Gun 8 | 2 1 5 Ballistic Cannon . | . . . Launcher 2 | . . 2 Special Weapon . | . . . Impact Weapon . | . . . Slashing Weapon . | . . . Piercing Weapon . | . . . Special Melee Weapon . | . . . Unidentified Prototypes . | . . . Parts Lost 7 | . 1 6 Power 2 | . . 2 Propulsion 2 | . . 2 Utility 1 | . 1 . Weapon 2 | . . 2 Highest Loss Streak 2 | . 1 2 To Critical Strikes 1 | . . 1 Average Slot Usage (%) 86 | . 94 82 Engine 10 | . 14 9 Treads 23 | . 27 22 Leg 2 | . . 3 Storage 7 | . 14 5 Protection 11 | . 5 13 Ballistic Gun 24 | . 28 23 Launcher 3 | . . 4 Naked Turns . | . . . Heaviest Build 48 | 12 48 48 Greatest Support 40 | 40 40 40 Greatest Overweight (x) 1 | 1 1 1 Average Overweight (x) . | . . . Largest Inventory Capacity 20 | 8 20 20 Average Capacity 11 | 6 16 10 Most Carried 19 | 4 18 19 Average Carried 10 | 1 12 9 Final Capacity 20 | 8 20 5 Final Carried 18 | 2 18 5 Class Distribution -------------------- 100% | Mutant Dominant Class ---------------- Mutant | -10/Materials Mutant | -10/Subcaves Resources | -11 -10 -10 ----------- Run | Jun Mat Sub Matter Collected 1368 | 260 437 671 Remotely 137 | . 137 . Salvage Created 1100 | . 584 516 Parts 75 | . 36 39 Haulers Intercepted 2 | . 2 . Recyclers Shooed 1 | . 1 . Parts Field Recycled . | . . . Retrieved Matter . | . . . Parts Self-Destructed 15 | . . 15 Prevented . | . . . Kills | -11 -10 -10 ------- Run | Jun Mat Sub Combat Hostiles Destroyed 25 | . 12 13 Guns 19 | . 12 7 AOE 6 | . . 6 Classes Destroyed 8 | . 6 2 Hauler 2 | . 2 . Recycler 1 | . 1 . Operator 1 | . 1 . Watcher 1 | . 1 . Swarmer 7 | . 6 1 Grunt 8 | . 6 2 Sentry 1 | . . 1 Subdweller 9 | . . 9 Best Kill Streak 3 | . 3 3 Combat Bots Only 3 | . 3 3 Max Kills in Single Turn 1 | . 1 1 Gunslinging . | . . . Exploded 1 | . . 1 Melee . | . . . Uniques/NPCs Destroyed . | . . . Combat | -11 -10 -10 -------- Run | Jun Mat Sub Damage Taken 1952 | . 459 1493 Core 295 | . 44 251 Absorbed by Shields . | . . . Redirected to Shielding 60 | . 1 59 Regen/Repaired (Parts) 118 | . 118 . Core Remaining (%) 100 | 100 . . Volleys Fired 143 | . 61 82 Largest 2 | . 2 2 Hottest 50 | . 40 50 Shots Fired 272 | . 122 150 Gun 249 | . 122 127 Cannon . | . . . Launcher 23 | . . 23 Special . | . . . Kinetic 249 | . 122 127 Thermal . | . . . Explosive 23 | . . 23 Electromagnetic . | . . . Robot Hit Streak 80 | . 11 80 Robot Miss Streak 4 | . 4 2 Penetration Max . | . . . Secondary Targets 3 | . 3 . Max Gunslinging Chain 1 | . 1 . Shots Hit Robots 190 | . 72 118 Core Hits 65 | . 29 36 Critical Kills 1 | . 1 . Critical Parts Destroyed . | . . . Critical Strikes 1 | . 1 . Destroy 1 | . 1 . Melee Attacks . | . . . Impact . | . . . Slashing . | . . . Piercing . | . . . Sneak Attacks . | . . . Combat Hostiles . | . . . Follow-up Attacks . | . . . Damage Inflicted 2820 | . 965 1855 Guns 2356 | . 965 1391 Cannons . | . . . Explosions 464 | . . 464 Melee . | . . . Ramming . | . . . Kinetic 2356 | . 965 1391 Thermal . | . . . Explosive 464 | . . 464 Electromagnetic . | . . . Impact . | . . . Slashing . | . . . Piercing . | . . . Highest Corruption . | . . . Average Corruption . | . . . Corruption Purged . | . . . Corruption Blocked . | . . . Overload Shots . | . . . Overflow Damage . | . . . Projectiles . | . . . Explosions . | . . . Melee . | . . . Knockbacks . | . . . Impact . | . . . Kinetic . | . . . Secondary . | . . . Self-Inflicted Damage 44 | . . 44 Shots 2 | . . 2 Rammed . | . . . Targets Rammed . | . . . Kicked . | . . . Crushed . | . . . Highest Temperature 26 | . 26 . Average Temperature 7 | . 7 . Received Heat Transfer 480 | . 201 279 Siege Activations . | . . . Robots Corrupted . | . . . Combat Hostiles . | . . . Parts Fried . | . . . Impact Corruptions . | . . . Robots Melted . | . . . Combat Hostiles . | . . . Parts Melted 1 | . . 1 Heat Transferred . | . . . Parts Sabotaged . | . . . Parts Stolen . | . . . Parts Stripped . | . . . Power Chain Reactions . | . . . Missiles Intercepted . | . . . Alert | -11 -10 -10 ------- Run | Jun Mat Sub Peak Influence 133 | . 133 . Initial . | . . . Average 63 | . 67 . Maximum Alert Level . | . . . Low Security (%) 100 | 100 100 . Level 1 . | . . . Level 2 . | . . . Level 3 . | . . . Level 4 . | . . . Level 5 . | . . . High Security . | . . . Max Security . | . . . Squads Dispatched 2 | . 2 . Investigation 1 | . 1 . Extermination . | . . . Reinforcement 1 | . 1 . Assault . | . . . Garrison . | . . . Intercept . | . . . Searches Triggered . | . . . Construction Impeded . | . . . Haulers Reinforced . | . . . Active Scanning Responses . | . . . Cargo Convoy Interrupts . | . . . Stealth | -11 -10 -10 --------- Run | Jun Mat Sub Distress Signals 2 | . 2 . Communications Jammed . | . . . Distress Signals . | . . . Times Spotted 47 | . 29 18 Peak Tracking Total 5 | . 5 3 Tactical Retreats 2 | . 1 1 Traps | -11 -10 -10 ------- Run | Jun Mat Sub Traps Triggered 1 | . 1 . Indirectly . | . . . Trap Hack Attempts . | . . . Triggered . | . . . Disarmed . | . . . Reprogrammed . | . . . Reused . | . . . Traps Extracted . | . . . Installed . | . . . Triggered . | . . . Machines | -11 -10 -10 ---------- Run | Jun Mat Sub Machines Disabled 2 | . . 2 Max in Single Turn 2 | . . 2 Machines Repaired . | . . . Machines Sabotaged . | . . . Overloaded Fab Kills . | . . . Hacking | -11 -10 -10 --------- Run | Jun Mat Sub Machines Accessed 7 | . 7 . Terminals 6 | . 6 . Fabricators . | . . . Repair Stations 1 | . 1 . Recycling Units . | . . . Scanalyzers . | . . . Garrison Access . | . . . Total Hacks 10 | . 10 . Successful 6 | . 6 . Failed 4 | . 4 . Catastrophic 2 | . 2 . Database Lockouts . | . . . Manual 4 | . 4 . Terminals 8 | . 8 . Fabricators . | . . . Repair Stations 2 | . 2 . Recycling Units . | . . . Scanalyzers . | . . . Garrison Access . | . . . Terminal Hacks 4 | . 4 . Record 1 | . 1 . Robot Analysis 1 | . 1 . Alert Level 2 | . 2 . Fabricator Hacks . | . . . Repair Station Hacks 2 | . 2 . Scan Component 1 | . 1 . Repair 1 | . 1 . Recycling Unit Hacks . | . . . Scanalyzer . | . . . Garrison Access Hacks . | . . . Unauthorized Hacks . | . . . Terminals . | . . . Fabricators . | . . . Repair Stations . | . . . Recycling Units . | . . . Scanalyzers . | . . . Garrison Access . | . . . Data Cores Recovered 1 | . 1 . Used . | . . . Hacking Detections 4 | . 4 . Full Trace Events . | . . . Feedback Events . | . . . Feedback Blocked . | . . . Robot Schematics Acquired . | . . . Robots Built . | . . . Authchips . | . . . Time . | . . . Total Robot Build Rating . | . . . Part Schematics Acquired . | . . . Parts Built . | . . . Authchips . | . . . Time . | . . . Total Part Build Rating . | . . . Parts Repaired 1 | . 1 . Time 26 | . 26 . Parts Recycled . | . . . Recycled Matter . | . . . Retrieved Matter . | . . . Retrieved Components . | . . . Parts Scanalyzed . | . . . Part Schematics Acquired . | . . . Parts Damaged . | . . . Bothacking | -11 -10 -10 ------------ Run | Jun Mat Sub Used RIF Installer . | . . . Robots Hacked . | . . . Non-combat . | . . . Combat . | . . . Robot Hacks Applied . | . . . Relay Couplers Released . | . . . Fabnet Peak Effective % . | . . . Robots Rewired . | . . . Allies Hacked . | . . . Hacks Repelled . | . . . Allies | -11 -10 -10 -------- Run | Jun Mat Sub Total Allies . | . . . Largest Group . | . . . Highest-Rated Group . | . . . Highest-Rated Ally . | . . . Total Orders . | . . . Ally Attacks . | . . . Total Damage . | . . . Kills . | . . . Allies Corrupted . | . . . Allies Melted . | . . . Intel | -11 -10 -10 ------- Run | Jun Mat Sub Robot Analysis Total 1 | . 1 . Derelict Logs Recovered . | . . . Drone Launches . | . . . Drone Recoveries . | . . . Exploration | -11 -10 -10 ------------- Run | Jun Mat Sub Turns Passed 5157 | 96 1439 3622 Spaces Moved 2439 | 65 655 1719 Core 29 | 29 . . Treads 2057 | 36 655 1366 Legs 353 | . . 353 Wheels . | . . . Hover . | . . . Flight . | . . . Fastest Speed 50 | 50 160 140 Average Speed 187 | 128 179 192 Slowest Speed 240 | 160 240 240 Overloaded Moves . | . . . Propulsion Burnouts . | . . . Robots Hopped . | . . . Cave-ins Triggered 1 | . . 1 Exploration Rate (%) 58 | 4 99 72 Regions Visited 2 Branch Regions 1 Pre-discovered Areas . | . . . Known Exits Taken . | . . . Unknown Exits Taken 2 | 1 1 . Scrap Searched 5 | . . 5 Spaces Dug 6 | . . 6 Terrain Destroyed 98 | . . 98 Melee . | . . . Projectile . | . . . AOE 98 | . . 98 Terrain Rammed . | . . . Walls Destroyed . | . . . Machines Disabled . | . . . Actions | -11 -10 -10 --------- Run | Jun Mat Sub Total 2763 | 78 797 1888 Wait 103 | . 49 54 Move 2436 | 64 654 1718 Hop . | . . . Pick Up 37 | 8 22 7 Fast Attach 4 | . . 4 Attach 12 | 6 4 2 Detach 1 | . 1 . Swap 9 | . 2 7 Drop 12 | . 4 8 Fire 143 | . 61 82 Melee . | . . . Ram . | . . . Kick . | . . . Crush . | . . . Escape Stasis . | . . . Rewire . | . . . Trap . | . . . Miscellaneous 6 | . . 6 Route ------- -11/Junkyard -10/Materials (discovered 5 exits: [*Mat x3] / [*Min] / [*Sub]) -10/Subcaves (discovered 3 exits: [*Mat x2] / [*Rec]) History --------- Turn | Location | Event 13 | -11/Junkyard | Discovered new exit (range 15) 97 | -11/Junkyard | Entered Materials 304 | -10/Materials | Discovered new exit (range 12) 312 | -10/Materials | Build established: Mutant 605 | -10/Materials | Discovered new exit (range 7) 834 | -10/Materials | Discovered new exit (range 7) 1288 | -10/Materials | Repaired Lgt. Treads 1295 | -10/Materials | Discovered new exit (range 11) 1500 | -10/Materials | Discovered new exit (range 11) 1536 | -10/Materials | Entered Subcaves 1560 | -10/Subcaves | Discovered new exit (range 9) 1720 | -10/Subcaves | A swath of the cavern ceiling suddenly collapsed 2268 | -10/Subcaves | Core integrity fell below 50% 2527 | -10/Subcaves | Disturbed a concealed Subdweller 3171 | -10/Subcaves | Core integrity fell below 20% 3533 | -10/Subcaves | Shifting Twisted Machinery released Sub. Beam Cannon 3577 | -10/Subcaves | Shifting Twisted Machinery released Sub. Monowheel 3902 | -10/Subcaves | A swath of the cavern ceiling suddenly collapsed 4435 | -10/Subcaves | Discovered new exit (range 12) 5146 | -10/Subcaves | Discovered new exit (range 10) 5158 | -10/Subcaves | Crushed by falling debris 5158 | -10/Subcaves | Smashed by cave-in Last Messages --------------- 04725_ YT-G3Z(u) deconstructs Twisted Machinery. 04774_ Acquired 12 matter. 04976_ Acquired 7 matter. 04980_ Acquired 15 matter. 05023_ YT-G3Z(u) deconstructs Twisted Machinery. 05026_ Acquired 10 matter. 05121_ 2G-V2P(R) destroyed. 05129_ AJ-DW8(R): "ARGHSUB!" 05130_ AJ-DW8(R) destroyed. 05133_ IV-7FM(R) destroyed. 05143_ The unstable cave ceiling collapses. 05143_ 36 Matter crushed. 05146_ EXIT=FOUND 05148_ Acquired 11 matter. 05155_ Dropped Scrap Shield. 05157_ Acquired Scrap Shield. 05158_ The unstable cave ceiling collapses. 05158_ Crushed by falling debris. 05158_ Mak. Power Source destroyed. 05158_ System corrupted by crushing effect (+3). Map ----- +----------------------------------------------------+ | ?????????????????????????????????????????????????? | | ?????????????????????????????????????????????????? | | ?????????????????????????????????????????????????? | | ?????????????????????????????????????????????????? | | ?????????????????????????????????????????????????? | | ?????????????????????????????????????????????????? | | ?????????????????????????????????????????????????? | | ?????????????????????????????????????????????????? | | ?????????????????????????????????????????????????? | | ?????????????????????????????????????????????????? | | ?????????????????????????????????????????????????? | | ?????????????????????????????????????????????????? | | ?????????????????????????????????????????????????? | | ?????????????????????????????????????????????????? | | ???????????????????????#?????????????????????????? | | ??????????????????????? ?????????????????????????? | | ??????????????????????? ?????????????????????????? | | ?????????????????????## #????????????????????????? | | ????????????????????## ????????????????????????? | | ????????????????????#